 Dungeon Crawl Stone Soup version 0.17.0-24-gcfadda4 (webtiles) character file.

381 dysrexia the Grave Robber (level 7, 0/46 HPs)
             Began as a Human Necromancer on Nov 15, 2015.
             Was a Believer of Makhleb.
             Slain by an ogre
             ... wielding a +0 giant spiked club
              (16 damage)
             ... on level 4 of the Dungeon.
             The game lasted 00:18:22 (3707 turns).

dysrexia the Grave Robber (Human Necromancer)       Turns: 3707, Time: 00:18:22

Health: 0/46       AC:  6    Str:  8    XL:     7   Next: 5%
Magic:  5/12       EV: 10    Int: 17    God:    Makhleb [**....]
Gold:   180        SH:  0    Dex: 14    Spells: 4 memorised, 4 levels left

rFire  . . .     SeeInvis .     d - +0 flail
rCold  . . .     Clarity  .     o - +0 ring mail (curse)
rNeg   . . .     SustAt   .     (no shield)
rPois  .         Gourm    .     (no helmet)
rElec  .         Spirit   .     h - +0 cloak
rCorr  .         Warding  .     (no gloves)
rMut   .         Stasis   .     (no boots)
MR     .....                    (no amulet)
Stlth  +.........               (no ring)
                                (no ring)

@: not resistant to hostile enchantments, very unstealthy
A: no striking features
a: Minor Destruction, Renounce Religion


You were on level 4 of the Dungeon.
You worshipped Makhleb.
Makhleb was pleased with you.
You were not hungry.

You visited 1 branch of the dungeon, and saw 4 of its levels.

You collected 180 gold pieces.

Inventory:

Hand Weapons
 d - a +0 flail (weapon)
Missiles
 k - 63 stones (quivered)
 m - 5 needles of frenzy
Armour
 a - a +0 robe
 h - a +0 cloak (worn)
 o - a cursed +0 ring mail (worn)
Magical Staves
 u - an uncursed staff of summoning
Wands
 q - a wand of fire (4)
Scrolls
 e - 2 scrolls of recharging
 g - a scroll of magic mapping
 i - a scroll of amnesia
 p - a scroll of remove curse {unknown}
 r - a scroll of teleportation {unknown}
 v - a scroll of enchant weapon
Potions
 f - a potion of might {unknown}
 j - a potion of flight {unknown}
 l - a potion of degeneration {unknown}
 n - a potion of curing {unknown}
Books
 b - a book of Necromancy

   Spells                             Type                      Level
   a - Pain                           Necromancy                   1
   b - Animate Skeleton               Necromancy                   1
   c - Vampiric Draining              Necromancy                   3
   d - Regeneration                   Charms/Necromancy            3
   e - Animate Dead                   Necromancy                   4
   f - Control Undead                 Necromancy                   4
Comestibles
 c - 3 bread rations
 s - a meat ration
 t - 11 chunks of flesh


   Skills:
 * Level 3.7 Maces & Flails
 - Level 2.0 Dodging
 - Level 2.0 Stealth
 - Level 3.3 Spellcasting
 + Level 1.5 Charms
 + Level 5.6 Necromancy


You had 4 spell levels left.
You knew the following spells:

 Your Spells              Type           Power        Failure   Level  Hunger
a - Pain                  Necr           ###.         6%          1    None
b - Animate Skeleton      Necr           N/A          6%          1    None
c - Vampiric Draining     Necr           ###.......   17%         3    ###....
d - Regeneration          Chrm/Necr      ###.......   41%         3    ###....


Dungeon Overview and Level Annotations

Branches:
Dungeon (4/15)
 Temple: D:4-7

Altars:
Dithmenos
Elyvilon
Gozag
Makhleb
Qazlal
Trog
Vehumet
Zin

Annotations:
D:4 Blork the orc


Message History

The ogre barely misses you.
Casting: Pain
Confirm with . or Enter, or press ? or * to list all spells.
Aiming: Vampiric Draining
Press: ? - help, Shift-Dir - straight line, f/p - ogre
Aim: an ogre, wielding a giant spiked club (lightly wounded)
The ogre is heavily wounded.
You feel life coursing into your body.
You hit the ogre.
The ogre is heavily wounded.
The ogre hits you with a giant spiked club!!
Casting: Vampiric Draining
Confirm with . or Enter, or press ? or * to list all spells.
Aiming: Vampiric Draining
Press: ? - help, Shift-Dir - straight line, f/p - ogre
Aim: an ogre, wielding a giant spiked club (heavily wounded)
The ogre is severely wounded.
You feel life coursing into your body.
The ogre hits you with a giant spiked club!
You die...

############
#.)........o
#.##########
#.# #.# #.#
#@# #O# #.#
#.# #.# #.#
#.# #<# #
#.########.#


You could see an ogre.

Vanquished Creatures
  An ogre (D:4)
  A jelly (D:3)
  An orc priest (D:4)
  2 orc wizards
  Terence (D:2)
  3 gnolls
  4 adders
  An ooze (D:3)
  3 worms
  3 giant geckos
  5 orcs
  A ball python (D:1)
  3 hobgoblins
  3 quokkas (D:3)
  8 bats
  6 giant cockroaches
  7 giant newts
  9 goblins
  3 jackals
  6 kobolds
  8 rats
79 creatures vanquished.

Notes
Turn   | Place    | Note
--------------------------------------------------------------
     0 | D:1      | dysrexia the Human Necromancer began the quest for the Orb.
     0 | D:1      | Reached XP level 1. HP: 13/13 MP: 3/3
   350 | D:1      | Found an opulent altar of Gozag.
   375 | D:1      | Reached XP level 2. HP: 19/19 MP: 1/5
   903 | D:2      | Noticed a moth of wrath
   905 | D:2      | Found a bloodstained altar of Trog.
   920 | D:2      | Reached XP level 3. HP: 20/24 MP: 3/6
  1097 | D:2      | Learned a level 1 spell: Animate Skeleton
  1239 | D:2      | Learned a level 3 spell: Vampiric Draining
  1344 | D:2      | Reached skill level 5 in Necromancy
  1380 | D:2      | Found a radiant altar of Vehumet.
  1380 | D:2      | Found a burning altar of Makhleb.
  1393 | D:2      | Became a worshipper of Makhleb the Destroyer
  1408 | D:2      | Reached XP level 4. HP: 18/30 MP: 0/7
  1924 | D:2      | Noticed Terence
  1935 | D:2      | Killed Terence
  1935 | D:2      | Reached skill level 1 in Maces & Flails
  1935 | D:2      | Reached XP level 5. HP: 31/35 MP: 0/9
  2175 | D:2      | Your ally Terence died
  2195 | D:2      | Reached * piety under Makhleb
  2276 | D:3      | Learned a level 3 spell: Regeneration
  2295 | D:3      | Found a burning altar of Makhleb.
  2426 | D:3      | Found a shadowy altar of Dithmenos.
  2430 | D:3      | Found a white marble altar of Elyvilon.
  2435 | D:3      | Found a glowing silver altar of Zin.
  2759 | D:3      | Reached XP level 6. HP: 9/41 MP: 4/11
  3157 | D:3      | Reached ** piety under Makhleb
  3269 | D:3      | Found a stormy altar of Qazlal.
  3503 | D:4      | Reached skill level 1 in Charms
  3615 | D:4      | Reached XP level 7. HP: 15/46 MP: 0/12
  3620 | D:4      | Noticed Blork the orc
  3707 | D:4      | Slain by an ogre

Action                   |  1- 3 |  4- 6 |  7- 9 || total
-------------------------+-------+-------+-------++-------
Melee: Unarmed           |     4 |       |       ||     4
       Dagger            |     5 |       |       ||     5
       Flail             |       |   107 |     2 ||   109
 Cast: Pain              |    64 |    68 |     1 ||   133
       Animate Skeleton  |     2 |     2 |       ||     4
       Vampiric Draining |     1 |    10 |     3 ||    14
  Use: Scroll            |     4 |     1 |       ||     5
       Potion            |     1 |       |       ||     1
  Eat: Chunk             |     2 |     9 |       ||    11
